 Dungeon Crawl Stone Soup version 0.29-a0-375-g5102b3be25 (webtiles) character file.

Game seed: 12558180580138681841

723 spaghetti the Covert (level 7, -2/60 HPs)
             Began as a Gnoll Delver on May 3, 2022.
             Slain by an iguana (4 damage)
             ... on level 6 of the Dungeon.
             The game lasted 00:06:46 (2561 turns).

spaghetti the Covert (Gnoll Delver)                 Turns: 2561, Time: 00:06:47

Health: -2/60      AC:  3    Str: 11    XL:     7   Next: 71%
Magic:  11/11      EV: 13    Int: 12    God:
Gold:   112        SH:  0    Dex: 13    Spells: 11/11 levels left

rFire   . . .      SeeInvis .   a - +0 short sword {short}
rCold   . . .      Faith    .   (no shield)
rNeg    . . .      Spirit   .   b - +0 leather armour
rPois   .          Reflect  .   (no helmet)
rElec   .          Harm     .   (no cloak)
rCorr   .          Rampage  .   (no gloves)
Will    .....                   (no boots)
Stlth   ++++......              (no amulet)
HPRegen 0.20/turn               (no ring)
MPRegen 0.12/turn               (no ring)

@: no status effects
A: fangs 1, strong nose, distributed training
a: no special abilities


You were on level 6 of the Dungeon.
You visited 1 branch of the dungeon, and saw 2 of its levels.

You collected 112 gold pieces.


Innate Abilities, Weirdness & Mutations

You have very sharp teeth.
Your uncanny sense of smell can sniff out nearby items.
Your experience applies equally to all skills.


   Skills:
 + Level 7.1 Fighting
 + Level 5.3 Short Blades
 + Level 2.6 Long Blades
 + Level 2.6 Axes
 + Level 2.6 Maces & Flails
 + Level 2.6 Polearms
 + Level 2.6 Staves
 + Level 2.6 Slings
 + Level 2.6 Bows
 + Level 2.6 Crossbows
 + Level 2.6 Throwing
 + Level 2.6 Armour
 + Level 5.3 Dodging
 + Level 10.0 Stealth
 + Level 2.6 Shields
 + Level 2.6 Unarmed Combat
 + Level 2.6 Spellcasting
 + Level 2.1 Conjurations
 + Level 2.1 Hexes
 + Level 2.1 Summonings
 + Level 2.1 Necromancy
 + Level 2.1 Translocations
 + Level 2.1 Transmutations
 + Level 2.1 Fire Magic
 + Level 2.1 Ice Magic
 + Level 2.1 Air Magic
 + Level 2.1 Earth Magic
 + Level 2.1 Poison Magic
 + Level 3.0 Invocations
 + Level 2.6 Evocations


You had 11 spell levels left.
You didn't know any spells.
Your spell library contained the following spells:

 Spells                   Type           Power      Damage    Failure   Level
 Gell's Gravitas          Tloc           6%         N/A       38%         3
 Teleport Other           Tloc           6%         N/A       38%         3
 Dispersal                Tloc           3%         N/A       100%        6

Inventory:

Hand Weapons
 a - a +0 short sword (weapon) {short}
Missiles
 m - 3 poisoned darts (quivered) {throwing}
 o - a boomerang {throwing}
Armour
 b - a +0 leather armour (worn)
Wands
 g - a wand of digging (11)
Scrolls
 c - a scroll of fog
 d - 3 scrolls of magic mapping {!r}
 j - 2 scrolls of identify {@r1}
 n - 3 scrolls of vulnerability {!r!r}
Potions
 l - a potion of cancellation

Dungeon Overview and Level Annotations

Branches:
Dungeon (6/15)
 Temple: D:4-7

Altars:

Shops:
D:5 : D:6

[( #.#
#.# #..
#.# #.##
#.. #l#
#@# #.#
#......#
########


You could see an iguana.


Message History

You barely miss the gnoll sergeant. Your bite misses the gnoll sergeant.
The gnoll sergeant hits you with a +0 spear. 😕 HP[-2]
You take 2 damage, and now have 54/60 hp.
You hit the gnoll sergeant but do no damage.
The gnoll sergeant barely misses you.
You hit the gnoll sergeant.
You bite the gnoll sergeant, but do no damage.
The gnoll sergeant barely misses you.
You hit the gnoll sergeant but do no damage.
You hit the gnoll sergeant. The gnoll sergeant misses you.
You hit the gnoll sergeant but do no damage.
You bite the gnoll sergeant, but do no damage.
The gnoll sergeant hits you with a +0 spear! 😮 HP[-12]
You take 12 damage, and now have 42/60 hp.
You closely miss the gnoll sergeant.
The gnoll sergeant hits you with a +0 spear. 😮 HP[-5]
You take 5 damage, and now have 37/60 hp.
Unknown command.
Unknown command.
You barely miss the gnoll sergeant. The gnoll sergeant closely misses you.
You hit the gnoll sergeant.
You bite the gnoll sergeant, but do no damage.
The gnoll sergeant hits you with a +0 spear. 😮 HP[-5]
You take 5 damage, and now have 32/60 hp.
You hit the gnoll sergeant but do no damage.
The gnoll sergeant hits you but does no damage.
Okay, then.
Okay, then.
You hit the gnoll sergeant but do no damage.
Okay, then.
You closely miss the gnoll sergeant.
You bite the gnoll sergeant, but do no damage.
The gnoll sergeant hits you with a +0 spear.
* * * LOW HITPOINT WARNING * * *
😨 HP[-3]
You take 3 damage, and now have 29/60 hp.
You hit the gnoll sergeant but do no damage.
The gnoll sergeant closely misses you. 😨 HP[+1]
You hit the gnoll sergeant.
The gnoll sergeant hits you with a +0 spear.
* * * LOW HITPOINT WARNING * * *
😨 HP[-2]
You take 2 damage, and now have 28/60 hp.
As you read the scroll of teleportation {@r4}, it crumbles to dust.
You feel strangely unstable. The gnoll sergeant misses you.
Unknown command.
The gnoll sergeant attacks as you move away!
The gnoll sergeant closely misses you.
The gnoll sergeant completely misses you.
Your surroundings suddenly seem different.
An iguana comes into view. 😨 HP[+1] Unknown command.
You hit the iguana. You bite the iguana, but do no damage.
The iguana closely misses you.
You hit the iguana. You hit the iguana but do no damage. The iguana bites you.
* * * LOW HITPOINT WARNING * * *
😨 HP[-4]
You take 4 damage, and now have 25/60 hp.
You hit the iguana but do no damage. You bite the iguana, but do no damage.
The iguana bites you!
* * * LOW HITPOINT WARNING * * *
😨 HP[-7]
You take 7 damage, and now have 18/60 hp.
You closely miss the iguana. You bite the iguana.
The iguana misses you. 😨 HP[+1]
Okay, then.
Okay, then.
Okay, then.
You hit the iguana but do no damage. The iguana closely misses you.
You hit the iguana but do no damage. You bite the iguana, but do no damage.
The iguana bites you.
* * * LOW HITPOINT WARNING * * *
😨 HP[-3]
You take 3 damage, and now have 16/60 hp.
You hit the iguana. The iguana closely misses you.
You barely miss the iguana. You completely miss the iguana.
Your bite misses the iguana. The iguana closely misses you.
You hit the iguana. The iguana bites you!
* * * LOW HITPOINT WARNING * * *
😱 HP[-6]
You take 6 damage, and now have 10/60 hp.
You hit the iguana but do no damage. You bite the iguana, but do no damage.
The iguana bites you!
* * * LOW HITPOINT WARNING * * *
😱 HP[-8]
You take 8 damage, and now have 2/60 hp.
Unknown command.
Unknown command.
Okay, then.
You hit the iguana. The iguana bites you.
You die...

Skill      XL: |  1  2  3  4  5  6  7 |
---------------+----------------------+-----
Stealth        | 10 | 10.0
Long Blades    | 1 2 |  2.6
Axes           | 1 2 |  2.6
Maces & Flails | 1 2 |  2.6
Polearms       | 1 2 |  2.6
Staves         | 1 2 |  2.6
Slings         | 1 2 |  2.6
Bows           | 1 2 |  2.6
Crossbows      | 1 2 |  2.6
Throwing       | 1 2 |  2.6
Armour         | 1 2 |  2.6
Shields        | 1 2 |  2.6
Unarmed Combat | 1 2 |  2.6
Spellcasting   | 1 2 |  2.6
Invocations    | 1 2 3 |  3.0
Evocations     | 1 2 |  2.6
Conjurations   | 1 2 |  2.1
Hexes          | 1 2 |  2.1
Summonings     | 1 2 |  2.1
Necromancy     | 1 2 |  2.1
Translocations | 1 2 |  2.1
Transmutations | 1 2 |  2.1
Fire Magic     | 1 2 |  2.1
Ice Magic      | 1 2 |  2.1
Air Magic      | 1 2 |  2.1
Earth Magic    | 1 2 |  2.1
Poison Magic   | 1 2 |  2.1
Short Blades   | 5 |  5.3
Dodging        | 5 |  5.3
Fighting       | 7 |  7.1

Action                   |  1- 3 |  4- 6 |  7- 9 || total
-------------------------+-------+-------+-------++-------
Melee: Short sword       |     7 |    16 |   142 ||   165
       Bite              |     1 |     2 |    19 ||    22
       Punch             |       |       |     3 ||     3
Evoke: Wand              |     1 |    16 |    10 ||    27
  Use: Scroll            |       |       |     5 ||     5
       Potion            |       |       |     3 ||     3
 Stab: Sleeping          |       |     4 |     3 ||     7
       Distracted        |       |       |     1 ||     1
Armor: Leather armour    |       |     1 |    10 ||    11
Dodge: Dodged            |     4 |    13 |    83 ||   100

Levels and vault maps discovered:
D:5:      layout_loops_ring, serial_shops, nicolae_square_shop
D:6:      layout_loops_cross, minmay_temple_entry_nine_rooms, serial_shops,
          nicolae_take_the_stairs, nicolae_shop_statue_plus,
          nicolae_shop_bloodbath_and_beyond, uniq_duvessa, uniq_maggie

Notes
Turn   | Place    | Note
-------+----------+-------------------------------------------
     0 | D:5      | Reached skill level 9 in Stealth
     0 | D:5      | spaghetti the Gnoll Delver began the quest for the Orb.
     0 | D:5      | Reached XP level 1. HP: 23/23 MP: 1/1
     0 | D:5      | magus.rc [v1.9.6]
    28 | D:5      | Noticed a bullfrog
    37 | D:5      | HP: 2/23 [bullfrog (5)]
    39 | D:5      | Killed a bullfrog
    40 | D:5      | Reached skill level 1 in Long Blades
    40 | D:5      | Reached skill level 1 in Axes
    40 | D:5      | Reached skill level 1 in Maces & Flails
    40 | D:5      | Reached skill level 1 in Polearms
    40 | D:5      | Reached skill level 1 in Staves
    40 | D:5      | Reached skill level 1 in Slings
    40 | D:5      | Reached skill level 1 in Bows
    40 | D:5      | Reached skill level 1 in Crossbows
    40 | D:5      | Reached skill level 1 in Throwing
    40 | D:5      | Reached skill level 1 in Armour
    40 | D:5      | Reached skill level 1 in Shields
    40 | D:5      | Reached skill level 1 in Unarmed Combat
    40 | D:5      | Reached skill level 1 in Spellcasting
    40 | D:5      | Reached skill level 1 in Invocations
    40 | D:5      | Reached skill level 1 in Evocations
    40 | D:5      | Reached XP level 2. HP: 3/29 MP: 1/3
    40 | D:5      | Reached XP level 3. HP: 4/35 MP: 1/4
    40 | D:5      | Reached XP level 4. HP: 4/41 MP: 1/5
   294 | D:5      | Noticed a necrophage
   301 | D:5      | Killed a necrophage
   302 | D:5      | Reached skill level 1 in Conjurations
   302 | D:5      | Reached skill level 1 in Hexes
   302 | D:5      | Reached skill level 1 in Summonings
   302 | D:5      | Reached skill level 1 in Necromancy
   302 | D:5      | Reached skill level 1 in Translocations
   302 | D:5      | Reached skill level 1 in Transmutations
   302 | D:5      | Reached skill level 1 in Fire Magic
   302 | D:5      | Reached skill level 1 in Ice Magic
   302 | D:5      | Reached skill level 1 in Air Magic
   302 | D:5      | Reached skill level 1 in Earth Magic
   302 | D:5      | Reached skill level 1 in Poison Magic
   302 | D:5      | Reached XP level 5. HP: 44/47 MP: 6/6
   435 | D:5      | Noticed an ice beast
   437 | D:5      | Killed an ice beast
   438 | D:5      | Reached skill level 2 in Invocations
   438 | D:5      | Reached XP level 6. HP: 53/53 MP: 8/8
   552 | D:5      | Noticed a black bear
   556 | D:5      | Noticed a water moccasin
   559 | D:5      | Killed a black bear
   560 | D:5      | Reached skill level 5 in Short Blades
   560 | D:5      | Reached skill level 2 in Long Blades
   560 | D:5      | Reached skill level 2 in Axes
   560 | D:5      | Reached skill level 2 in Maces & Flails
   560 | D:5      | Reached skill level 2 in Polearms
   560 | D:5      | Reached skill level 2 in Staves
   560 | D:5      | Reached skill level 2 in Slings
   560 | D:5      | Reached skill level 2 in Bows
   560 | D:5      | Reached skill level 2 in Crossbows
   560 | D:5      | Reached skill level 2 in Throwing
   560 | D:5      | Reached skill level 2 in Armour
   560 | D:5      | Reached skill level 5 in Dodging
   560 | D:5      | Reached skill level 2 in Shields
   560 | D:5      | Reached skill level 2 in Unarmed Combat
   560 | D:5      | Reached skill level 2 in Spellcasting
   560 | D:5      | Reached skill level 2 in Evocations
   572 | D:5      | Killed a water moccasin
   573 | D:5      | Reached XP level 7. HP: 19/59 MP: 10/10
   574 | D:5      | HP: 10/59 [necrophage (5)]
   578 | D:5      | Reached skill level 7 in Fighting
   823 | D:5      | HP: 13/60 [orc/+0 trident (8)]
  1091 | D:5      | Found Pidd's Book Boutique.
  1265 | D:5      | Reached skill level 2 in Conjurations
  1265 | D:5      | Reached skill level 2 in Hexes
  1265 | D:5      | Reached skill level 2 in Summonings
  1265 | D:5      | Reached skill level 2 in Necromancy
  1265 | D:5      | Reached skill level 2 in Translocations
  1265 | D:5      | Reached skill level 2 in Transmutations
  1265 | D:5      | Reached skill level 2 in Fire Magic
  1265 | D:5      | Reached skill level 2 in Ice Magic
  1265 | D:5      | Reached skill level 2 in Air Magic
  1265 | D:5      | Reached skill level 2 in Earth Magic
  1265 | D:5      | Reached skill level 2 in Poison Magic
  1505 | D:5      | HP: 14/60 [hound (4)]
  1750 | D:5      | You add the spells Gell's Gravitas, Teleport Other and
                  | Dispersal to your library.
  1969 | D:6      | Found Dasuqa's Antique Armour Shoppe.
  2155 | D:6      | Found Keorchag's Weapon Shop.
  2185 | D:6      | Reached skill level 10 in Stealth
  2192 | D:6      | HP: 13/60 [gnoll sergeant/+0 spear (4)]
  2194 | D:6      | HP: 6/60 [gnoll sergeant/+0 spear (7)]
  2489 | D:6      | Reached skill level 3 in Invocations
  2559 | D:6      | HP: 10/60 [iguana (7)]
  2560 | D:6      | HP: 2/60 [iguana (8)]
  2561 | D:6      | Slain by an iguana

Vanquished Creatures
  A water moccasin (D:5)
  An ice beast (D:5)
  A black bear (D:5)
  A bullfrog (D:5)
  2 necrophages (D:5)
  3 hounds
  A jelly (D:5)
  2 iguanas (D:5)
  5 gnolls (D:6)
  An adder (D:5)
  An ufetubus (D:6)
  A worm (D:5)
  8 orcs (D:5)
  A quokka (D:5)
29 creatures vanquished.

Table legend:
 A = Non-vault XP
 B = Vault XP
 C = Vault XP percentage of total XP
 D = Non-vault monster count
 E = Vault monster count
 F = Vault count percentage of total count
                 A         B        C        D         E       F
            +---------+---------+-------+---------+---------+-------
      Total |    1034 |       0 |   0.0 |      29 |       0 |   0.0
            +---------+---------+-------+---------+---------+-------
        D:5 |     912 |       0 |   0.0 |      22 |       0 |   0.0
        D:6 |     122 |       0 |   0.0 |       7 |       0 |   0.0
            +---------+---------+-------+---------+---------+-------

Illustrated notes

Table legend:
 A = Kills in this place as a percentage of kills in entire the game.
 B = Kills by you in this place as a percentage of kills by you in the entire game.
 C = Kills by friends in this place as a percentage of kills by friends in the entire game.
 D = Other kills in this place as a percentage of other kills in the entire game.
 E = Experience gained in this place as a percentage of experience gained in the entire game.
 F = Experience gained in this place divided by the number of levels of this place that you have seen.
                   A       B       C       D       E      F
               +-------+-------+-------+-------+-------+----------------------
         Total | 100.0 | 100.0 |   N/A |   N/A | 100.0 | 517.0
       Dungeon | 100.0 | 100.0 |   N/A |   N/A | 100.0 | 517.0
               +-------+-------+-------+-------+-------+----------------------

Table legend: (Time is in decaauts)
 A = Elapsed time spent in this place.
 B = Non-inter-level travel time spent in this place.
 C = Inter-level travel time spent in this place.
 D = Time resting spent in this place.
 E = Time spent auto-exploring this place.
 F = Levels seen in this place.
 G = Mean time per level.
                   A        B        C        D        E       F      G
               +--------+--------+--------+--------+--------+-----+--------+
         Total |   2516 |   2442 |     74 |   1427 |    743 |   2 | 1258.0 |
       Dungeon |   2516 |   2442 |     74 |   1427 |    743 |   2 | 1258.0 |
               +--------+--------+--------+--------+--------+-----+--------+

Top non-repeatable levels by time:
     D:5: 2191 daAuts
     D:6: 325 daAuts
